 Dungeon Crawl Stone Soup version 0.24.0-125-gc4c63601f3 (webtiles) character file.

Game seed: 4414664965057111696, levelgen mode: deterministic

97737 Johnny the Grappler (level 15, -24/150 (154) HPs)
             Began as a Troll Berserker on Mar 1, 2020.
             Was a High Priest of Trog.
             Annihilated by an iron troll (27 damage)
             ... created by the rage of Trog
             ... on level 1 of the Lair of Beasts.
             The game lasted 00:37:39 (21328 turns).

Johnny the Grappler (Troll Berserker)              Turns: 21328, Time: 00:37:40

HP:   -24/150 (154) AC: 27    Str: 39    XL:     15   Next: 72%
MP:   0/23          EV: 15    Int:  5    God:    Trog [*****.]
Gold: 2676          SH:  0    Dex: 15    Spells: 12/14 levels left

rFire    . . .     SeeInvis +     - Unarmed
rCold    . . .     Gourm    +   (no shield)
rNeg     + . .     Faith    .   m - +4 pearl dragon scales "Yry Naac" {rN+ Int+2 Dex+6}
rPois    .         Spirit   +   H - +2 hat {SInv}
rElec    .         Reflect  .   Y - +1 cloak {MR+}
rCorr    .         Harm     .   (gloves unavailable)
MR       ++...                  (boots unavailable)
Stlth    ++........             B - amulet of guardian spirit
HPRegen  0.75/turn              Q - ring of magical power
MPRegen  0.18/turn              W - +5 ring of strength

@: very slightly contaminated
A: large, unfitting armour, claws 3, fast metabolism 3, gourmand, regeneration
1, shaggy fur 1, tough skin 3
a: Berserk, Trog's Hand, Brothers in Arms, Renounce Religion


You were on level 1 of the Lair of Beasts.
You worshipped Trog.
Trog was extremely pleased with you.
You were full.

You visited 6 branches of the dungeon, and saw 26 of its levels.
You also visited: Bailey and Ice Cave.

You collected 3166 gold pieces.
You spent 490 gold pieces at shops.

Inventory:

Missiles
 u - 2 throwing nets (quivered)
Armour
 i - a scarf of spirit shield
 m - the +4 pearl dragon scales "Yry Naac" (worn) {rN+ Int+2 Dex+6}
   (You acquired it on level 1 of the Swamp)

   It affects your intelligence (+2).
   It affects your dexterity (+6).
   It protects you from negative energy.
 H - a +2 hat of see invisible (worn)
 Y - a +1 cloak of magic resistance (worn)
Jewellery
 e - a +4 amulet of reflection
 j - an uncursed ring of stealth
 B - an amulet of guardian spirit (around neck)
 C - an uncursed ring of protection from magic
 D - an uncursed amulet of magic regeneration
 E - an uncursed ring of positive energy
 Q - a ring of magical power (left claw)
 V - the ring of Letwer {Fire Dex+2}
   (You found it on level 6 of the Lair of Beasts)

   [ring of fire]

   It enhances your fire magic.
   It affects your dexterity (+2).
   It protects you from fire.
   It makes you vulnerable to cold.
 W - a +5 ring of strength (right claw)
Wands
 w - a wand of digging (12)
 G - a wand of flame (5)
Scrolls
 a - a scroll of fog
 d - 6 scrolls of teleportation
 g - 4 scrolls of remove curse
 k - 4 scrolls of amnesia
 p - 5 scrolls of enchant weapon
 r - a scroll of fear
 s - 4 scrolls of magic mapping
 x - 6 scrolls of immolation
 z - a scroll of torment
 K - a scroll of noise {unknown}
Potions
 c - 3 potions of berserk rage
 f - 4 potions of haste
 h - 6 potions of curing
 l - a potion of invisibility
 n - 5 potions of might
 o - 2 potions of ambrosia
 q - 4 potions of mutation
 t - 3 potions of brilliance
 v - 3 potions of lignification
 A - 3 potions of flight
 I - 2 potions of degeneration {unknown}
 J - 2 potions of magic {unknown}
 M - a potion of resistance {unknown}
 P - 4 potions of agility
 U - a potion of cancellation {unknown}
Miscellaneous
 y - a phial of floods
 S - a lightning rod (2/4)
Comestibles
 b - 35 rations


   Skills:
 - Level 11.2 Fighting
 - Level 10.9 Armour
 - Level 11.2 Dodging
 - Level 8.4 Stealth
 - Level 13.1 Unarmed Combat
 + Level 1.0 Translocations


You had 12 spell levels left.
You knew the following spells:

 Your Spells              Type           Power        Failure   Level  Hunger
a - Blink                 Tloc           N/A          67%         2    ###....

Your spell library contained the following spells:

 Spells                   Type           Power        Failure   Level  Hunger
 Apportation              Tloc           #.....       52%         1    ##.....
 Animate Skeleton         Necr           N/A          67%         1    ##.....
 Confusing Touch          Hex            #.....       67%         1    ##.....
 Flame Tongue             Conj/Fire      #....        67%         1    ##.....
 Magic Dart               Conj           #...         67%         1    ##.....
 Pain                     Necr           #...         67%         1    ##.....
 Summon Small Mammal      Summ           #...         67%         1    ##.....
 Call Imp                 Summ           #.......     80%         2    ###....
 Searing Ray              Conj           #.....       80%         2    ###....
 Slow                     Hex            #.......     80%         2    ###....
 Gell's Gravitas          Tloc           #.........   88%         3    ####...
 Confuse                  Hex            #.......     95%         3    ####...
 Conjure Flame            Conj/Fire      #.......     95%         3    ####...
 Dazzling Spray           Conj/Hex       #.....       95%         3    ####...
 Ignite Poison            Fire/Tmut/Pois #.......     95%         3    ####...
 Mephitic Cloud           Conj/Pois/Air  #.......     95%         3    ####...
 Regeneration             Chrm/Necr      #.........   95%         3    ####...
 Vampiric Draining        Necr           #.........   95%         3    ####...
 Animate Dead             Necr           N/A          100%        4    #####..
 Cause Fear               Hex            #.........   100%        4    #####..
 Force Lance              Conj/Tloc      #.......     100%        4    #####..
 Fulminant Prism          Conj/Hex       #.........   100%        4    #####..
 Iskenderun's Mystic Bla  Conj           #.......     100%        4    #####..
 Petrify                  Tmut/Erth      #.......     100%        4    #####..
 Sticky Flame             Conj/Fire      #.......     100%        4    #####..
 Summon Lightning Spire   Summ/Air       #.......     100%        4    #####..
 Fireball                 Conj/Fire      #.........   100%        5    ######.
 Metabolic Englaciation   Hex/Ice        #.........   100%        5    ######.
 Silence                  Hex/Air        #.........   100%        5    ######.
 Yara's Violent Unravell  Hex/Tmut       #.........   100%        5    ######.
 Conjure Ball Lightning   Conj/Air       #.........   100%        6    #######
 Deflect Missiles         Chrm/Air       #.........   100%        6    #######
 Discord                  Hex            #.........   100%        8    #######
 Tornado                  Air            #.........   100%        9    #######


Dungeon Overview and Level Annotations

Branches:
Dungeon (15/15)            Temple (1/1) D:5            Lair (6/6) D:10
  Swamp (1/4) Lair:2       Spider (0/4) Lair:4        Slime (1/5) Lair:5
    Orc (2/2) D:10            Elf (0/3) Orc:2        Vaults (0/5) D:13
 Bailey (visited)           IceCv (visited)
 Depths: D:15

Altars:
Ashenzari
Cheibriados
Dithmenos
Elyvilon
Fedhas
Gozag
Hepliaklqana
Kikubaaqudgha
Makhleb
Nemelex Xobeh
Okawaru
Qazlal
Ru
Sif Muna
Trog
Uskayaw
Vehumet
Wu Jian
Xom
Yredelemnul
Zin
The Shining One
Beogh

Shops:
D:6 **   Orc:1 *   Orc:2 (=*(

Annotations:
D:15 Louise


Innate Abilities, Weirdness & Mutations

You are too large for most types of armour.
You have claws for hands.
Your metabolism is lightning-fast.
You like to eat raw meat.
Your natural rate of healing is unusually fast.
You are covered in fur. (AC +1)
You have extremely tough skin. (AC +3)


Message History

You barely miss the iron troll.
The iron troll is heavily wounded.
The iron troll completely misses you. The iron troll claws you!
* * * LOW HITPOINT WARNING * * *
The iron troll claws you!
* * * LOW HITPOINT WARNING * * *
You claw the iron troll! Your claw misses the iron troll.
The iron troll is heavily wounded.
The iron troll misses you. The iron troll closely misses you.
The iron troll claws you!!
* * * LOW HITPOINT WARNING * * *
You scratch the iron troll. You claw the iron troll!!
The iron troll is severely wounded.
The iron troll bites you but does no damage.
The iron troll barely misses you. The iron troll claws you!
* * * LOW HITPOINT WARNING * * *
You claw the iron troll! Your claw misses the iron troll.
The iron troll is almost dead.
The iron troll completely misses you. The iron troll claws you!!
You die...

....<..## #......##..#...### #.#
..####.# #..#######.......###.#
..###..#####.## ##..........#.#
.............# ##...........##.
.............# ##...##...#....##
..####.##..#.# #...#.#.♣.##....#
#.# ##.###.#.# ##..####...###...#
### #P.......# #...# #.....#.#...
.# ##÷###.### #@T♣###..>..###♣.>
.# ##.##.#####....##.....##....
.# #.........##..#.##....##...#
.# #..#....####...##..♣.###...#
.#####.......#####...##........##
.#.#P........##..#...............
.#.....P...(.##...#..........##.#
.#...........##..###........#####
..............##..####.....#.#...


You could see an iron troll (berserk).

Vanquished Creatures
  An ironheart preserver (D:13)
  An ettin (Orc:1)
  The ghost of Ochuint the Fighter, a journeyman DsGl of Qazlal (D:13)
  Snorg (Orc:1)
  Harold (Lair:2)
  5 hydras
  2 centaur warriors
  A ghost crab (Swamp:1)
  A shambling mangrove (Swamp:1)
  Erica (D:11)
  2 catoblepae
  A queen ant (Lair:3)
  An alligator (Swamp:1)
  12 two-headed ogres
  A tengu warrior (D:14)
  2 death yaks (D:10)
  2 ogre magi (Orc:2)
  Sonja (Lair:5)
  An iron troll (Orc:2)
  A deep troll (Swamp:1)
  2 unseen horrors
  A wizard (D:14)
  A wolf spider zombie (D:13)
  3 orc knights
  Pikel (D:7)
  2 deep elf magi
  4 cyclopes
  3 ugly things
  4 oklob plants (Lair:2)
  A manticore (D:13)
  3 orc sorcerers (Orc:2)
  6 elephants (Lair:2)
  3 ice statues (IceCv)
  3 centaur zombies
  An eye of devastation (Lair:5)
  4 black mambas
  3 gargoyles
  A torpor snail (Lair:5)
  A centaur skeleton (D:11)
  The ghost of sipior the Stinger, a novice FoVM (D:4)
  13 spiny frogs
  12 komodo dragons
  A rime drake (Lair:3)
  2 yaktaurs (D:15)
  A meliai (shapeshifter) (D:14)
  11 trolls
  6 polar bears
  9 hornets
  3 tyrant leeches (Swamp:1)
  3 bog bodies (Swamp:1)
  10 hippogriffs
  5 dream sheep
  4 slime creatures (D:13)
  15 blink frogs
  2 shadows
  Sigmund (D:2)
  2 redbacks (Lair:4)
  A vampire (D:11)
  3 wyverns
  2 wraiths
  16 spriggans
  26 yaks
  6 basilisks
  11 vampire mosquitoes
  An acid dragon (D:14)
  5 insubstantial wisps (Swamp:1)
  2 wargs
  12 soldier ants (Lair:3)
  3 swamp worms (Swamp:1)
  11 water moccasins
  7 porcupines
  2 swamp drakes (Swamp:1)
  20 ice beasts
  16 orc warriors
  5 sky beasts
  5 black bears
  An eye of draining (Lair:5)
  2 phantoms
  20 wolves
  23 ogres
  3 boggarts (Lair:6)
  5 centaurs
  10 crocodiles
  4 big kobolds
  16 bullfrogs
  A wyvern zombie (D:15)
  A wyvern skeleton (D:10)
  5 scorpions
  10 killer bees
  9 wights
  2 electric eels
  4 howler monkeys
  5 crimson imps
  5 hounds
  7 jellies
  3 quasits
  4 bullfrog zombies
  10 orc priests
  A bullfrog skeleton (D:9)
  A gnoll shaman (D:7)
  23 orc wizards
  5 hell rats (Lair:5)
  4 iguanas
  41 worker ants
  A killer bee zombie (D:10)
  2 hound skeletons
  5 gnolls
  A worker ant zombie (D:5)
  18 adders
  A shadow imp (D:5)
  3 oozes
  2 adder skeletons
  2 dart slugs
  3 leopard geckos
  69 orcs
  A giant cockroach (D:4)
  15 goblins
  9 hobgoblins
  6 jackals
  5 quokkas
  11 bats
  6 frilled lizards
  A jackal skeleton (D:6)
  30 kobolds
  A leopard gecko skeleton (D:4)
  A leopard gecko zombie (D:5)
  3 quokka skeletons
  8 rats
  A bush (D:5)
  3 plants (Lair:2)
774 creatures vanquished.

Vanquished Creatures (collateral kills)
  Josephine (D:15)
  A slime creature (D:15)
  A hydra (D:12)
  A rakshasa (D:14)
  A centaur warrior (D:13)
  A death yak (D:10)
  2 two-headed ogres (Orc:2)
  2 spriggans (Lair:6)
  An orc high priest (Orc:1)
  A deep troll (Orc:2)
  2 cyclopes
  A spiny frog (Lair:1)
  A komodo dragon (Lair:6)
  A troll (D:11)
  2 jumping spiders (Lair:4)
  2 hornets (Lair:6)
  3 redbacks (Lair:4)
  5 blink frogs
  4 wraiths (D:15)
  A wyvern (Lair:5)
  A basilisk (Lair:5)
  An acid dragon (D:14)
  A black bear (Lair:6)
  An orc warrior (D:13)
  7 wolves
  3 centaurs (D:13)
  7 ogres
  3 bullfrogs
  A scorpion (D:11)
  A killer bee (D:8)
  8 wights
  An orc priest (D:13)
  3 iguanas
  An orc wizard (D:13)
  A bullfrog skeleton (D:13)
  3 worker ants
  An adder (D:8)
  A shadow imp (D:8)
  3 orcs
  2 hobgoblins (Bailey)
  A kobold (D:8)
  2 plants (Lair:6)
87 creatures vanquished.

Vanquished Creatures (others)
  A swamp drake (Swamp:1)
  A big kobold (D:7)
  A crimson imp (D:7)
  2 gnolls (D:7)
  A giant cockroach (D:7)
  2 kobolds (D:7)
  A bush (Lair:5)
  18 fungi
  5 plants
32 creatures vanquished.

Grand Total: 893 creatures vanquished

Notes
Turn   | Place    | Note
-------+----------+-------------------------------------------
     0 | D:1      | Johnny the Troll Berserker began the quest for the Orb.
     0 | D:1      | Reached XP level 1. HP: 22/22 MP: 0/0
    99 | D:1      | Reached XP level 2. HP: 25/29 MP: 1/1
   227 | D:1      | Reached XP level 3. HP: 36/36 MP: 2/2
   428 | D:1      | Reached ** piety under Trog
   469 | D:1      | Reached skill level 1 in Armour
  1115 | D:2      | Noticed Sigmund
  1132 | D:2      | Killed Sigmund
  1132 | D:2      | Reached skill level 4 in Unarmed Combat
  1132 | D:2      | Reached XP level 4. HP: 45/45 MP: 3/3
  1132 | D:2      | Reached XP level 5. HP: 53/53 MP: 4/4
  1244 | D:3      | Found an ancient bone altar of Kikubaaqudgha.
  1348 | D:3      | Reached skill level 1 in Stealth
  1362 | D:3      | Reached XP level 6. HP: 61/61 MP: 5/5
  1824 | D:3      | Reached *** piety under Trog
  2255 | D:4      | Reached XP level 7. HP: 43/68 MP: 6/6
  2418 | D:4      | Found a large runed translucent door.
  2418 | D:4      | Found a large runed translucent door.
  2419 | D:4      | Noticed sipior's ghost (novice FoVM)
  2554 | D:4      | Killed sipior's ghost
  2554 | D:4      | Reached skill level 5 in Unarmed Combat
  2586 | D:5      | Entered Level 5 of the Dungeon
  2618 | D:5      | Found a staircase to the Ecumenical Temple.
  2690 | D:5      | Reached XP level 8. HP: 75/78 MP: 7/7
  3106 | D:5      | Reached **** piety under Trog
  3306 | Temple   | Entered the Ecumenical Temple
  3590 | D:6      | Found Onasay's General Store.
  3606 | D:6      | Bought a scroll of teleportation for 45 gold pieces
  3606 | D:6      | Bought a scroll of teleportation for 45 gold pieces
  3606 | D:6      | Bought a scroll of identify for 30 gold pieces
  3606 | D:6      | Bought a scroll of identify for 30 gold pieces
  3606 | D:6      | Bought a scroll of teleportation for 45 gold pieces
  3646 | D:6      | Reached skill level 5 in Dodging
  3646 | D:6      | Reached skill level 6 in Unarmed Combat
  3827 | D:6      | Reached skill level 5 in Fighting
  3827 | D:6      | Reached XP level 9. HP: 88/88 MP: 8/8
  3931 | D:6      | Found Yloiread's Serpentskin Sales.
  3963 | D:6      | HP: 4/88 [poisoned by a water moccasin]
  3968 | D:6      | HP: 4/88 [poisoned by a water moccasin]
  4208 | D:7      | Noticed Pikel
  4226 | D:7      | Killed Pikel
  4564 | D:7      | Reached skill level 5 in Armour
  4821 | D:8      | Found a flagged portal.
  4843 | D:8      | Reached skill level 7 in Unarmed Combat
  4858 | D:8      | Noticed a two-headed ogre
  4861 | Bailey   | Entered a bailey
  4973 | Bailey   | Noticed an orc knight
  4973 | Bailey   | Noticed an orc knight
  4984 | Bailey   | Killed an orc knight
  4984 | Bailey   | Reached XP level 10. HP: 98/98 MP: 9/9
  4993 | Bailey   | Killed an orc knight
  4994 | Bailey   | Found a bloodstained altar of Trog.
  5040 | D:8      | Killed a two-headed ogre
  5401 | D:8      | Found a hide-covered altar of Uskayaw.
  6034 | D:9      | Found an ancient bone altar of Kikubaaqudgha.
  6035 | D:9      | Found an iron altar of Okawaru.
  6035 | D:9      | Found an ornate altar of the Wu Jian Council.
  6035 | D:9      | Found a snail-covered altar of Cheibriados.
  6036 | D:9      | Found a shimmering altar of Xom.
  6039 | D:9      | Found a blossoming altar of Fedhas.
  6040 | D:9      | Found a shattered altar of Ashenzari.
  6226 | D:9      | Reached ***** piety under Trog
  6789 | D:10     | Entered Level 10 of the Dungeon
  6789 | D:10     | Noticed a death yak
  6804 | D:10     | Noticed a death yak
  6806 | D:10     | Noticed a death yak
  6809 | D:10     | Killed a death yak
  6809 | D:10     | Reached skill level 8 in Unarmed Combat
  6826 | D:10     | Killed a death yak
  6826 | D:10     | Reached XP level 11. HP: 31/107 MP: 10/10
  7036 | D:10     | Found a staircase to the Lair.
  7055 | D:10     | Killed a death yak
  7518 | D:10     | Found a staircase to the Orcish Mines.
  7525 | D:10     | Found a roughly hewn altar of Beogh.
  7725 | D:11     | Noticed a two-headed ogre
  7732 | D:11     | Noticed Erica
  7738 | D:11     | Killed a two-headed ogre
  7758 | D:11     | HP: 1/109 [gargoyle/stone arrow (19)]
  7770 | D:11     | Reached skill level 5 in Stealth
  7951 | D:11     | Killed Erica
  7951 | D:11     | Reached skill level 9 in Unarmed Combat
  8424 | D:11     | Noticed a five-headed hydra
  8433 | D:11     | Killed a nine-headed hydra
  8625 | D:12     | Noticed a four-headed hydra
  8683 | D:12     | Received a gift from Trog
  8736 | D:12     | Noticed a two-headed ogre
  8746 | D:12     | Killed a two-headed ogre
  8950 | D:12     | Killed a four-headed hydra
  8955 | D:12     | Reached XP level 12. HP: 103/119 MP: 11/11
  8976 | D:12     | Found a shattered altar of Ashenzari.
  9708 | D:13     | Noticed a centaur warrior
  9709 | D:13     | Found a gate to the Vaults.
  9709 | D:13     | Noticed an ironheart preserver
  9724 | D:13     | Killed a centaur warrior
  9729 | D:13     | Killed an ironheart preserver
  9876 | D:13     | Reached skill level 10 in Unarmed Combat
  9946 | D:13     | Noticed a centaur warrior
  9963 | D:13     | Killed a centaur warrior
 10417 | D:13     | Found a runed translucent door.
 10420 | D:13     | Noticed Ochuint's ghost (journeyman DsGl)
 10501 | D:13     | Killed Ochuint's ghost
 10512 | D:13     | Identified the Handbook of Ignition
 10699 | D:14     | Noticed a centaur warrior
 10707 | D:14     | Killed a centaur warrior
 10783 | D:14     | Noticed a two-headed ogre
 10790 | D:14     | Killed a two-headed ogre
 10819 | D:14     | Reached XP level 13. HP: 121/130 MP: 12/12
 11322 | D:15     | Entered Level 15 of the Dungeon
 11345 | D:15     | Noticed Josephine
 11361 | D:15     | Killed Josephine
 11482 | D:15     | Noticed Louise
 11728 | Lair:1   | Entered Level 1 of the Lair of Beasts
 12206 | Lair:1   | Reached skill level 11 in Unarmed Combat
 12917 | Lair:2   | Noticed Harold
 12930 | Lair:2   | Killed Harold
 12930 | Lair:2   | Received a gift from Trog
 12984 | Lair:2   | Found a staircase to the Swamp.
 14074 | Lair:3   | Reached XP level 14. HP: 141/141 MP: 13/13
 14500 | Lair:3   | Reached skill level 10 in Dodging
 15107 | Lair:4   | Reached skill level 10 in Fighting
 15468 | Lair:4   | Found a hole to the Spider Nest.
 16030 | Lair:5   | Noticed Sonja
 16037 | Lair:5   | Killed Sonja
 16401 | Lair:5   | Reached skill level 12 in Unarmed Combat
 16439 | Lair:5   | Found a staircase to the Slime Pits.
 16931 | Slime:1  | Entered Level 1 of the Pits of Slime
 16931 | Slime:1  | Noticed an acid blob
 16931 | Slime:1  | Noticed an azure jelly
 16959 | Lair:6   | Entered Level 6 of the Lair of Beasts
 16965 | Lair:6   | Found a frozen archway.
 16979 | Lair:6   | Reached skill level 10 in Armour
 17008 | Lair:6   | Found a radiant altar of Vehumet.
 17010 | IceCv    | Entered an ice cave
 18068 | Lair:6   | Got a scintillating pewter ring
 18090 | Lair:6   | Reached XP level 15. HP: 146/152 MP: 14/14
 18680 | Orc:1    | Entered Level 1 of the Orcish Mines
 18680 | Orc:1    | Found Pemaug's General Store.
 18689 | Orc:1    | Received a gift from Trog
 18729 | Orc:1    | Noticed Snorg
 18741 | Orc:1    | Killed Snorg
 18807 | Orc:1    | Bought a potion of mutation for 80 gold pieces
 18807 | Orc:1    | Bought a potion of curing for 30 gold pieces
 18807 | Orc:1    | Bought a +0 cloak of magic resistance for 115 gold pieces
 18819 | Orc:1    | Identified the ring of Letwer {Fire Dex+2} (You found it on
                  | level 6 of the Lair of Beasts)
 19059 | Orc:2    | Entered Level 2 of the Orcish Mines
 19287 | Orc:2    | Found a staircase to the Elven Halls.
 19293 | Orc:2    | Found Haysat's Antique Weapon Emporium.
 19295 | Orc:2    | Found Nureeze's Jewellery Boutique.
 19400 | Orc:2    | Found Teohoi's Weapon Shop.
 19401 | Orc:2    | Found Naredy's Assorted Antiques.
 19471 | Orc:2    | Bought a scroll of identify for 70 gold pieces
 20073 | Orc:1    | Received a gift from Trog
 20297 | D:10     | Was placed under penance by Trog
 20300 | D:10     | Learned a level 2 spell: Blink
 20387 | Swamp:1  | Entered Level 1 of the Swamp
 20686 | Swamp:1  | Reached skill level 13 in Unarmed Combat
 20805 | Swamp:1  | Identified 3 scrolls of acquirement
 20910 | Swamp:1  | Got dazzling pearl dragon scales
 20921 | Swamp:1  | Identified the +4 pearl dragon scales "Yry Naac" {rN+ Int+2
                  | Dex+6} (You acquired it on level 1 of the Swamp)
 21226 | Swamp:1  | Reached skill level 1 in Translocations
 21297 | Lair:2   | Was forgiven by Trog
 21327 | Lair:1   | HP: 2/150 [iron troll[the rage of Trog] (6)]
 21328 | Lair:1   | Annihilated by an iron troll

Levels and vault maps discovered:
D:1:      saegor_arrival_simple_a, layout_loops_cross
D:2:      layout_loops_ring, first_ration, uniq_sigmund
D:3:      layout_loops_cross, tgw_kikubaaqudgha
D:4:      layout_rooms, ebering_ghost_disaster_area
D:5:      layout_rooms, minmay_temple_entry_mini_moons, moated_statue,
          eino_tiny_chamber, minmay_hedge_maze, minmay_ogre_servants
D:6:      layout_rooms, serial_shops, shop_fountains, guppyfry_shop_venom
D:7:      layout_loops_cross, uniq_pikel
D:8:      layout_basic, lemuel_crystal_altar, enter_bailey_6
D:9:      layout_basic, minitemple, nooodl_food_tri
D:10:     layout_long_grid, dpeg_lair_monsters, minmay_orc_entry_temple_small,
          grunt_ogre_cave, st_stairs_12
D:11:     layout_basic, uniq_erica
D:12:     layout_cave_pools, minmay_misc_feat_diagonals,
          nicolae_ashenzari_panopticon
D:13:     layout_loops_ring, skrybe_vaults_entry_preservation,
          ebering_ghost_inner_flame, minmay_misc_feat_nine_boxes
D:14:     layout_irregular_city, minivault_22
D:15:     hangedman_depths_entry_try_elsewhere_first, layout_loops_ring,
          solitary_fountain, uniq_josephine, uniq_louise
Temple:   eino_temple_lava
Lair:1:   layout_loops_ring, small_statue_intersection, lemuel_fruit_fields,
          serial_bayou_shore_b, grunt_megastairs_5
Lair:2:   minmay_lair_oklob_tunnel, layout_regular_city, swamp_mist_pool,
          uniq_harold
Lair:3:   layout_layer_cave, zaba_anthell
Lair:4:   layout_gridlike, nicolae_spider_entry_tight_spaces,
          chequers_serial_rivers_small_a, beast_lair_carwin_5
Lair:5:   layout_loops_ring, minmay_slime_entry_eyes, grunt_megastairs_3,
          uniq_sonja
Lair:6:   minmay_lair_end_enchanted_forest, layout_loops_ring,
          portal_ice_cave_entry_ice_beasts, basic_altar, lookout_lair_type,
          minivault_23, serial_bayou_ford_a
Swamp:1:  layout_basic_swamp, nicolae_swamp_triple_paths
Slime:1:  layout_caves
Orc:1:    layout_diamond_mine, serial_shops, shop, mines_bat_river, uniq_snorg
Orc:2:    st_orc_open, layout_caves, nicolae_orc_bridge_out,
          nicolae_orc_flooded_monolith

Skill      XL: |  1  2  3  4  5  6  7  8  9 10 11 12 13 14 15 |
---------------+----------------------------------------------+-----
Armour         | 1 2 3 4 5 6 7 8 9 10 | 10.9
Fighting       | 3 4 5 6 7 8 9 10 11 | 11.2
Dodging        | 3 4 5 6 7 9 10 11 | 11.2
Unarmed Combat | 4 5 6 7 8 9 10 11 12 13 | 13.1
Stealth        | 1 2 3 4 5 6 7 8 |  8.4
Translocations | 1 |  1.0

Action                   |  1- 3 |  4- 6 |  7- 9 | 10-12 | 13-15 || total
-------------------------+-------+-------+-------+-------+-------++-------
Melee: Unarmed           |   112 |   116 |   281 |   605 |  1250 ||  2364
       Punch             |       |     2 |     5 |    42 |   103 ||   152
Throw: Throwing net      |       |       |       |     2 |       ||     2
Invok: Berserk           |     1 |     1 |     6 |    18 |    22 ||    48
       Trog's Hand       |       |       |     2 |     2 |    15 ||    19
       Brothers in Arms  |       |       |     2 |     6 |    16 ||    24
Evoke: Wand              |       |       |    10 |     7 |    63 ||    80
       Phial of floods   |       |       |       |     2 |     3 ||     5
       Lightning rod     |       |       |       |       |     7 ||     7
       Box of beasts     |       |       |       |       |     1 ||     1
  Use: Scroll            |       |       |     7 |     8 |    20 ||    35
       Potion            |       |       |       |     3 |    17 ||    20
 Stab: Sleeping          |     3 |     7 |     6 |    12 |    24 ||    52
       Distracted        |       |       |     1 |     1 |     8 ||    10
       Confused          |       |       |       |       |     3 ||     3
       Invisible         |       |       |       |       |     3 ||     3
  Eat: Chunk             |    10 |    18 |    24 |    80 |   117 ||   249
       Ration            |       |       |       |     1 |     3 ||     4
Armor: Animal skin       |    37 |    32 |    78 |   157 |       ||   304
       Troll leather arm |       |       |       |    37 |   365 ||   402
       Skin              |       |       |       |       |    59 ||    59
       Pearl dragon scal |       |       |       |       |    53 ||    53
Dodge: Dodged            |    46 |    59 |   193 |   413 |   871 ||  1582
